 Dungeon Crawl Stone Soup version 0.18-a0-1109-gfc003ac (webtiles) character file.

403951 namelastname112 the Black Belt (level 22, 0/200 HPs)
             Began as a Black Draconian Wizard on Jan 16, 2016.
             Was the Champion of Ru.
             Slain by a tengu reaver
             ... wielding a +0 great sword
              (10 damage)
             ... on level 3 of the Depths.
             The game lasted 02:52:05 (88798 turns).

namelastname112 the Black Belt (DrWz)              Turns: 88798, Time: 02:52:06

Health: 0/200      AC: 20    Str: 10    XL:     22   Next: 33%
Magic:  1/35       EV: 30    Int: 25    God:    Ru [******]
Gold:   2989       SH: 16    Dex: 27    Spells: 4 memorised, 35 levels left

rFire  + . .     SeeInvis .       - Unarmed
rCold  + + .     Gourm    .     (armour unavailable)
rNeg   + . .     Faith    .     b - +2 shield {AC+3}
rPois  +         Spirit   .     P - +2 hat of Qonouligh {Int+8}
rElec  +         Dismiss  .     N - +0 cloak {MR+}
rCorr  .         Reflect  .     V - +1 pair of gloves
SustAt .         Harm     +     n - +0 pair of boots "Acemaleb" {rPois rN+ Dex+4}
MR     +++..                    Z - amulet "Wamil" {Harm *Drain +Blink rC++ MR- Stlth+}
Stlth  ..........               a - ring of the Equinox {Fragile MR++ Dex+4 Slay+2}
                                G - ring of poison resistance

@: lethally poisoned (0 -> 0), about to teleport, flying, drained, extremely
resistant to hostile enchantments, extremely unstealthy
A: breathe lightning, unfitting armour, big wings, dopey 1, fire resistance 1,
low mp 1, electricity resistance, cold-blooded, no stealth, inability to use
devices, hated by all, inexperienced 1, AC +11
a: Breathe Lightning, Stop Flying, Draw Out Power, Power Leap, Apocalypse,
Renounce Religion
}: 2/15 runes: decaying, serpentine


You were on level 3 of the Depths.
You worshipped Ru.
Ru was exalted by your worship.
You were very hungry.

You visited 9 branches of the dungeon, and saw 44 of its levels.
You visited 1 bazaar.
You also visited: Sewer and Bailey.

You collected 6111 gold pieces.
You spent 3122 gold pieces at shops.

Inventory:

Hand Weapons
 p - a +1 blowgun
Missiles
 o - 108 poisoned needles
 F - 3 curare-tipped needles
Armour
 b - a +2 shield of protection (worn)
 n - the +0 pair of boots "Acemaleb" (worn) {rPois rN+ Dex+4}
   (You acquired it on level 3 of the Snake Pit)

   It affects your dexterity (+4).
   It protects you from poison.
   It protects you from negative energy.
 N - a +0 cloak of magic resistance (worn)
 P - the +2 hat of Qonouligh (worn) {Int+8}
   (You bought it in a shop in a bazaar)

   It affects your intelligence (+8).
 V - a +1 pair of gloves (worn)
Magical Staves
 h - an uncursed staff of wizardry
Jewellery
 a - the ring of the Equinox (right hand) {Fragile MR++ Dex+4 Slay+2}
   (You bought it in a shop on level 2 of the Snake Pit)

   [ring of dexterity]

   It affects your dexterity (+4).
   It affects your accuracy and damage with ranged weapons and melee attacks
   (+2).
   It affects your resistance to hostile enchantments.
   It will be destroyed if unequipped.
 d - an uncursed amulet of the gourmand
 m - an uncursed ring of protection from magic
 s - the amulet of Cekugob {Dismiss -Tele rElec rPois rN++ AC+1 EV+1}
   (You took it off a frost giant on level 2 of the Depths)

   [amulet of dismissal]

   It may teleport away creatures that harm you.
   It affects your AC (+1).
   It affects your evasion (+1).
   It insulates you from electricity.
   It protects you from poison.
   It greatly protects you from negative energy.
   It prevents most forms of teleportation.
 A - an uncursed ring of protection from fire
 G - a ring of poison resistance (left hand)
 J - an uncursed ring of protection from cold
 Q - an uncursed amulet of regeneration
 Z - the amulet "Wamil" (around neck) {Harm *Drain +Blink rC++ MR- Stlth+}
   (You found it on level 8 of the Lair of Beasts)

   [amulet of harm]

   It increases damage dealt and taken.
   It greatly protects you from cold.
   It affects your resistance to hostile enchantments.
   It lets you blink.
   It makes you more stealthy.
Scrolls
 e - 3 scrolls of teleportation
 g - a scroll of enchant weapon
 i - 23 scrolls of remove curse
 t - 6 scrolls of immolation
 w - 4 scrolls of amnesia
 y - 4 scrolls of magic mapping
 B - a scroll of silence
 I - 4 scrolls of identify
 M - 2 scrolls of blinking
 O - 5 scrolls of fog
 S - a scroll of holy word
Potions
 q - 4 potions of invisibility
 u - a potion of cancellation
 v - 17 potions of curing
 x - 5 potions of magic
 z - 9 potions of lignification
 D - 3 potions of ambrosia
 E - 2 potions of haste
 K - 9 potions of brilliance
 R - 2 potions of cure mutation
 T - a potion of berserk rage
 U - 2 potions of resistance
Comestibles
 c - 19 bread rations
 f - 21 slices of pizza
 k - 12 beef jerkies
 l - 36 fruits
 r - a royal jelly
 C - 9 meat rations


   Skills:
 + Level 17.5(17.1) Fighting
 + Level 15.1(14.6) Dodging
 - Level 15.1(14.6) Shields
 + Level 19.0(18.5) Unarmed Combat
 + Level 13.6(13.1) Spellcasting
 - Level 1.0(0.7) Conjurations
 + Level 9.3(9.0) Charms
   Level 1.0(0.7) Summonings
   Level 1.0(0.7) Translocations
 - Level 11.8(11.4) Transmutations
 + Level 12.1(11.7) Ice Magic


You had 35 spell levels left.
You knew the following spells:

 Your Spells              Type           Power        Failure   Level  Hunger
a - Ice Form              Ice/Trmt       ######..     1%          4    None
b - Blade Hands           Trmt           ######....   1%          5    ###....
d - Regeneration          Chrm/Necr      #####.....   1%          3    None
z - Magic Dart            Conj           ###.         2%          1    None


Dungeon Overview and Level Annotations

Branches:
Dungeon (15/15)            Temple (1/1) D:5            Lair (8/8) D:10
  Swamp (4/4) Lair:3        Snake (4/4) Lair:4        Slime (0/6) Lair:8
    Orc (2/2) D:10            Elf (3/3) Orc:2        Vaults (4/5) D:14
  Crypt (0/3) Vaults:3     Depths (3/5) D:15

Altars:
Ashenzari
Dithmenos
Elyvilon
Fedhas
Gozag
Kikubaaqudgha
Makhleb
Nemelex Xobeh
Okawaru
Qazlal
Ru
Trog
Vehumet
Xom
Yredelemnul
Zin
The Shining One

Shops:
D:4 %   D:5 *   D:13 (   D:14 }   Orc:1 ?   Orc:2 *[(   Elf:3 ?   Snake:2 :*!=
Snake:4 [   Vaults:2 ?

Portals:
Hell: Depths:1 Depths:2
Abyss: Depths:1
Trove: Elf:1 (give horn of Geryon)

Annotations:
Lair:8 exclusion: oklob plant
Elf:2 5 runed doors


Innate Abilities, Weirdness & Mutations

You can breathe wild blasts of lightning.
Your glossy black scales are hard (AC +11).
Your body does not fit into most forms of armour.
Your large and strong wings let you fly indefinitely.
You are dopey. (Int -2)
Your magical capacity is low (-10% MP).
You are resistant to electric shocks.
You are cold-blooded and may be slowed by cold attacks.
You cannot be stealthy.
You cannot study or use magical devices.
You are hated by all.
You are somewhat inexperienced (-2 XL).
Your flesh is heat resistant.


Message History

The tengu reaver claws you.
* * * LOW HITPOINT WARNING * * *
Drink which item? (? for menu, Esc to quit)
You feel much better. Something hits you!
* * * LOW HITPOINT WARNING * * *
You feel your power leaking away.
Unknown command.
Read which item? (? for menu, Esc to quit)
As you read the scroll of teleportation, it crumbles to dust.
You feel strangely unstable.
The tengu reaver hits you but does no damage.
The tengu reaver pecks you but does no damage.
The tengu reaver completely misses you. Something hits you.
* * * LOW HITPOINT WARNING * * *
You feel your power leaking away.
You miss something.
The tengu reaver hits you with a great sword!!
* * * LOW HITPOINT WARNING * * *
You block the tengu reaver's attack. The tengu reaver claws you!
You die...

#...#...+.{RN.......+...#
#...#.≈.#4)N...(..†.#.#.#
#...#...2.NN........+...
###'##...#####...#########
.#.....e.....#...# #
.'.≈..O#.....#...# .#
.#...........#...# ..#
.#####...#####+#+#...###
.....#...# #..@.......
....%#.#.# #..†Q......
.....#...# #...*......
.######### #####...###
.#.!.# ...# .#...# ...#
.#...# ..# ##...##### '##
)........#


You could see a tengu reaver and a battlesphere.

Vanquished Creatures
  Mara (Depths:2)
  Saint Roka (Orc:2)
  the Lernaean hydra (Swamp:4)
  A caustic shrike (Depths:2)
  The ghost of namelastname112 the End of an Era, an adept DrWz of Qazlal (Elf:2)
  Rupert (Lair:4)
  Asterion (Snake:1)
  2 deep elf master archers (Elf:3)
  Frances (Snake:1)
  The ghost of namelastname112 the Devastator, an adept DrWz of Vehumet (Snake:2)
  An acid blob (shapeshifter) (Depths:3)
  2 sphinxes
  The ghost of Uberwunderbarhen the Severer, an adept FoFi of Pakellas (Swamp:3)
  A thorn hunter (Swamp:1)
  A tengu reaver (Depths:1)
  A shadow dragon (Depths:2)
  11 greater nagas
  A fire giant (Vaults:3)
  Aizul (Snake:1)
  Wiglaf (Depths:2)
  The ghost of namelastname112 the Grappler, a journeyman DrWz of Ru (D:15)
  11 deep elf sorcerers
  10 vault wardens
  Donald (Elf:1)
  An orc warlord (Orc:2)
  2 frost giants (Depths:2)
  A deep elf elementalist (Elf:3)
  11 ironheart preservers
  5 stone giants
  8 very ugly things
  A war gargoyle (Vaults:4)
  The ghost of 4thArraOfDagon the Grim Reaper, a journeyman DDFi of Yredelemnul (Swamp:4)
  4 vampire knights
  Nessos (D:13)
  2 salamander stormcallers (Vaults:4)
  5 deep elf demonologists
  3 spark wasps (Depths:1)
  7 deep elf annihilators
  Snorg (Lair:4)
  8 deep elf death magi
  The ghost of chonchonts the Brawler, a journeyman GrMo of Cheibriados (D:14)
  6 ettins
  7 fire dragons
  Josephine (D:13)
  3 merfolk javelineers (Depths:2)
  6 deep elf high priests (Elf:3)
  19 vault guards
  7 yaktaur captains
  5 entropy weavers
  7 great orbs of eyes
  A rakshasa (D:15)
  Fannar (Lair:3)
  A hell beast (Depths:2)
  20 hydras
  An ice dragon (shapeshifter) (Depths:3)
  25 anacondas
  An ice dragon (D:14)
  A catoblepas (Lair:8)
  18 naga warriors
  3 ogre magi
  2 ghost crabs
  3 centaur warriors
  8 alligators
  2 spriggan air magi (Depths:3)
  13 dancing weapons
  2 death knights (Vaults:3)
  A tengu warrior (Depths:1)
  4 deep troll shamans
  3 orc high priests (Orc:2)
  9 death yaks
  5 vampire magi
  5 deep troll earth magi
  9 naga sharpshooters
  11 shock serpents
  The ghost of nublet the Ruffian, a novice OgTm of Sif Muna (D:7)
  A spriggan berserker (Depths:2)
  A sun demon (Depths:2)
  8 deep elf knights
  2 fire crabs
  6 skeletal warriors
  3 iron trolls
  A salamander mystic (Vaults:4)
  A shadow wraith (Vaults:2)
  4 unseen horrors
  14 deep trolls
  2 giant orange brains
  A spriggan druid (Swamp:3)
  9 orc knights
  16 naga ritualists
  5 deep elf archers
  5 harpies
  A lindwurm (Lair:8)
  12 swamp dragons
  6 ironbrand convokers
  7 hill giants
  6 necromancers
  16 mana vipers
  2 shambling mangroves (Swamp:4)
  2 tengu skeletons
  2 wizards
  A wolf spider (shapeshifter) (Vaults:4)
  A wolf spider (Vaults:3)
  Pikel (D:6)
  2 wolf spider zombies
  4 hornets
  2 manticores
  A faun (shapeshifter) (Vaults:4)
  38 deep elf magi
  A mana viper (shapeshifter) (Depths:1)
  7 orc sorcerers
  44 ugly things
  7 cyclopes
  5 griffons
  A frost giant zombie (Depths:2)
  A water nymph (shapeshifter) (Depths:3)
  An elephant (shapeshifter) (Depths:1)
  A sphinx skeleton (Vaults:4)
  21 elephants
  10 salamanders
  8 vault sentinels
  44 black mambas
  2 torpor snails
  22 guardian serpents
  31 naga magi
  Psyche (D:8)
  A yaktaur zombie (Vaults:4)
  16 spiny frogs
  2 human zombies
  4 gargoyles
  2 centaur skeletons
  17 yaktaurs
  A yaktaur skeleton (Vaults:3)
  5 freezing wraiths
  The ghost of xgamer67 the Chiller, a novice OpIE of Vehumet (D:5)
  6 komodo dragons
  An ice devil (Depths:2)
  2 fire drakes
  2 tengu conjurers
  8 trolls
  A queen bee (shapeshifter) (Depths:2)
  5 giant leeches
  A polar bear (Lair:8)
  A jumping spider (Depths:2)
  A merfolk (shapeshifter) (Depths:1)
  4 red devils (D:12)
  A shadow dragon simulacrum (Vaults:3)
  10 two-headed ogres
  A giant leech (shapeshifter) (D:15)
  The ghost of nublet the Chiller, an amateur CeIE (D:4)
  50 slime creatures
  A sphinx simulacrum (Vaults:4)
  24 blink frogs
  2 boulder beetles
  5 bog bodies
  An ettin zombie (Depths:1)
  An ice dragon zombie (Depths:1)
  A spriggan (shapeshifter) (D:15)
  5 shadows
  11 redbacks
  A tarantella (Depths:2)
  A tarantella (shapeshifter) (Vaults:1)
  9 spriggans
  5 water elementals (Depths:2)
  7 wraiths
  A human (shapeshifter) (D:15)
  2 air elementals (Elf:2)
  3 wyverns
  2 fire elementals
  A hog (shapeshifter) (D:15)
  5 large abominations
  A fire bat (shapeshifter) (Vaults:3)
  82 yaks
  2 basilisks
  5 sky beasts
  A golden eye (shapeshifter) (Depths:3)
  5 hippogriffs
  37 vampire mosquitoes
  Grum (D:8)
  2 chaos spawn (Depths:1)
  14 wolves
  20 swamp worms
  A mottled dragon (D:15)
  72 nagas
  2 insubstantial wisps (Swamp:3)
  2 wargs
  A hydra simulacrum (Depths:3)
  A porcupine (shapeshifter) (Depths:3)
  A soldier ant (D:14)
  13 water moccasins
  11 porcupines
  19 swamp drakes
  10 ice beasts
  50 orc warriors
  3 black bears
  2 phantoms
  14 wasps
  3 boggarts (Depths:1)
  21 ogres
  14 centaurs
  3 necrophages
  A boggart (shapeshifter) (Vaults:3)
  An elf skeleton (Vaults:3)
  22 crocodiles
  2 elf zombies (Elf:1)
  2 earth elementals (Elf:2)
  A big kobold (shapeshifter) (Depths:2)
  29 giant frogs
  A water moccasin zombie (D:11)
  2 wyvern skeletons
  8 small abominations (Depths:1)
  2 scorpions
  2 jellies
  10 wights
  2 electric eels
  10 crimson imps
  A wasp zombie (D:7)
  A giant frog zombie (D:11)
  5 centaur zombies
  2 human simulacra
  2 quasits (D:10)
  8 hounds
  A gnoll shaman (D:6)
  23 orc priests
  A hound (shapeshifter) (Depths:3)
  3 giant frog skeletons
  8 iguanas
  31 orc wizards
  11 worker ants
  23 sheep
  A killer bee zombie (D:11)
  A hound zombie (D:10)
  4 hound skeletons
  A worker ant zombie (D:10)
  9 gnolls
  11 adders
  61 river rats
  4 shadow imps
  18 oozes
  2 adder zombies
  An adder skeleton (D:6)
  6 worms
  20 giant geckos
  119 orcs
  14 ball pythons
  4 bats
  15 giant cockroaches
  3 goblins
  10 hobgoblins
  19 jackals
  3 kobolds
  2 quokkas
  A giant gecko skeleton (D:4)
  18 giant newts
  A jackal zombie (D:6)
  A quokka zombie (D:5)
  12 rats
  A butterfly (Lair:6)
  2 crawling corpses (Elf:3)
  2 fungi (Lair:4)
  5 plants
1949 creatures vanquished.

Vanquished Creatures (others)
  The ghost of barakagiga the Executioner, an adept HOFi of Okawaru (Swamp:4)
  A thorn hunter (Swamp:3)
  A stone giant (Depths:1)
  A yaktaur captain (Vaults:3)
  2 naga warriors (Snake:4)
  A hydra (Lair:5)
  An ogre mage (Vaults:4)
  An alligator (Swamp:2)
  A deep troll earth mage (Depths:2)
  A dancing weapon (Elf:3)
  2 deep trolls
  A wizard (D:15)
  An ironbrand convoker (Vaults:4)
  A lindwurm (Lair:8)
  A mana viper (Snake:4)
  A hill giant (Vaults:1)
  2 slime creatures
  An elephant (Lair:6)
  A black mamba (Snake:4)
  2 spiny frogs
  A yaktaur (Depths:3)
  A tengu conjurer (D:14)
  A two-headed ogre (D:14)
  A boulder beetle (Vaults:4)
  2 vampire mosquitoes
  2 nagas
  An insubstantial wisp (Swamp:3)
  A swamp worm (Swamp:4)
  A swamp drake (Swamp:4)
  An orc warrior (Vaults:2)
  3 wasps
  2 slaves (D:6)
  An ogre (D:6)
  2 scorpions
  An iguana (D:6)
  An orc wizard (D:4)
  A sheep (Lair:7)
  A worker ant zombie (D:6)
  6 orcs
  2 briar patches (Swamp:1)
  A bush (Lair:8)
  17 fungi
  10 plants
84 creatures vanquished.

Grand Total: 2033 creatures vanquished

Notes
Turn   | Place    | Note
--------------------------------------------------------------
     0 | D:1      | namelastname112 the Draconian Wizard began the quest for the Orb.
     0 | D:1      | Reached XP level 1. HP: 14/14 MP: 4/4
    51 | D:1      | Reached skill level 1 in Unarmed Combat
   217 | D:1      | Reached XP level 2. HP: 20/20 MP: 0/6
  1025 | D:1      | Reached XP level 3. HP: 26/26 MP: 0/7
  1806 | D:2      | Reached XP level 4. HP: 33/33 MP: 0/8
  2228 | D:3      | Reached skill level 4 in Unarmed Combat
  2419 | D:3      | Found a glowing drain.
  2423 | Sewer    | Entered a sewer
  3003 | Sewer    | Reached XP level 5. HP: 38/38 MP: 0/9
  3334 | Sewer    | Reached skill level 5 in Unarmed Combat
  4654 | Sewer    | Gained mutation: You have large cloven feet. [potion of mutation]
  4654 | Sewer    | Lost mutation: You have large cloven feet. [potion of mutation]
  4654 | Sewer    | Gained mutation: Your flesh is heat resistant. [potion of mutation]
  4667 | Sewer    | Reached skill level 6 in Unarmed Combat
  4667 | Sewer    | Reached XP level 6. HP: 17/45 MP: 2/10
  5010 | D:3      | Reached skill level 7 in Unarmed Combat
  5265 | D:3      | Reached XP level 7. HP: 41/50 MP: 4/11
  5265 | D:3      | Your scales start taking on a glossy black colour.
  5265 | D:3      | Gained mutation: You are resistant to electric shocks. [Black Draconian growth]
  5417 | D:4      | Noticed nublet's ghost (amateur CeIE)
  5835 | D:4      | Reached skill level 8 in Unarmed Combat
  5942 | D:4      | Found Oskutile's Food Shoppe.
  6377 | D:4      | Killed nublet's ghost
  6377 | D:4      | Reached skill level 9 in Unarmed Combat
  6396 | D:4      | Reached XP level 8. HP: 39/57 MP: 12/12
  7121 | D:5      | Entered Level 5 of the Dungeon
  7314 | D:5      | Found a staircase to the Ecumenical Temple.
  7317 | D:5      | Noticed xgamer67's ghost (novice OpIE)
  7498 | D:5      | Killed xgamer67's ghost
  7498 | D:5      | Reached skill level 10 in Unarmed Combat
  7671 | Temple   | Entered the Ecumenical Temple
  7692 | Temple   | Became a worshipper of Ru the Awakened
  8091 | D:5      | Found an opulent altar of Gozag.
  8092 | D:5      | Found a sparkling altar of Nemelex Xobeh.
  8292 | D:5      | Found Biylontoj's Assorted Antiques.
  8300 | D:5      | Bought a fuming golden potion for 18 gold pieces
  8300 | D:5      | Bought a scroll labeled ICADET AMUV for 20 gold pieces
  8300 | D:5      | Bought a long brass wand for 80 gold pieces
  8300 | D:5      | Bought a scroll labeled ICADET AMUV for 20 gold pieces
  8300 | D:5      | Bought a scroll labeled OSSYFA FOGGUTA for 20 gold pieces
  8452 | D:5      | Reached skill level 11 in Unarmed Combat
  8952 | D:6      | Reached XP level 9. HP: 32/62 MP: 7/13
  9356 | D:6      | Noticed Pikel
  9414 | D:6      | Killed Pikel
  9610 | D:6      | Reached skill level 12 in Unarmed Combat
  9744 | D:6      | Gained mutation: You are dopey. (Int -2) [Ru sacrifice]
 10391 | D:7      | Noticed nublet's ghost (novice OgTm)
 10548 | D:7      | Killed nublet's ghost
 10548 | D:7      | Reached skill level 5 in Fighting
 10548 | D:7      | Reached XP level 10. HP: 58/81 MP: 14/14
 11178 | D:7      | Reached skill level 5 in Dodging
 11599 | D:8      | Noticed Grum
 11613 | D:8      | Killed Grum
 11826 | D:7      | Gained mutation: You are hated by all. [Ru sacrifice]
 11826 | D:7      | Reached * piety under Ru
 11826 | D:7      | Reached ** piety under Ru
 12271 | D:8      | Found a shimmering altar of Xom.
 12273 | D:8      | Found a shattered altar of Ashenzari.
 12274 | D:8      | Found a glowing silver altar of Zin.
 12274 | D:8      | Found a basalt altar of Yredelemnul.
 12275 | D:8      | Found a blossoming altar of Fedhas.
 12283 | D:8      | Noticed Psyche
 12296 | D:8      | Killed Psyche
 12302 | D:8      | Reached skill level 13 in Unarmed Combat
 12842 | D:9      | Found a flagged portal.
 12864 | Bailey   | Entered a bailey
 13886 | Bailey   | Found a roughly hewn altar of Beogh.
 13886 | Bailey   | Noticed an orc knight
 14059 | Bailey   | Killed an orc knight
 14059 | Bailey   | Reached XP level 11. HP: 47/94 MP: 15/15
 14941 | D:10     | Entered Level 10 of the Dungeon
 15272 | D:10     | Found a staircase to the Orcish Mines.
 15400 | D:10     | Found a staircase to the Lair.
 15402 | D:10     | Gained mutation: You are somewhat inexperienced (-2 XL). [Ru sacrifice]
 15402 | D:10     | Reached XP level 10. HP: 88/88 MP: 14/14
 15402 | D:10     | Reached XP level 9. HP: 81/81 MP: 13/13
 15402 | D:10     | Reached *** piety under Ru
 15841 | D:11     | Noticed a manticore
 15864 | D:11     | Killed a manticore
 15980 | D:11     | Noticed a gargoyle
 16414 | Lair:1   | Entered Level 1 of the Lair of Beasts
 16520 | D:10     | Reached XP level 10. HP: 70/90 MP: 14/14
 16554 | D:10     | Noticed a hill giant
 16576 | D:10     | Killed a hill giant
 16942 | D:10     | Noticed an unseen horror
 17636 | Lair:1   | Reached skill level 14 in Unarmed Combat
 18269 | Lair:1   | Gained mutation: You cannot study or use magical devices. [Ru sacrifice]
 18269 | Lair:1   | Reached **** piety under Ru
 18269 | Lair:1   | Reached ***** piety under Ru
 19187 | Lair:2   | Noticed a black mamba
 19198 | Lair:2   | Killed a black mamba
 19345 | Lair:2   | Reached XP level 11. HP: 69/99 MP: 15/15
 19361 | Lair:2   | Reached skill level 10 in Fighting
 19683 | Lair:2   | Identified a scroll of acquirement
 20772 | Lair:3   | Noticed Fannar
 20802 | Lair:3   | Killed Fannar
 20811 | Lair:3   | Found a staircase to the Swamp.
 21472 | Lair:4   | Learned a level 4 spell: Ice Form
 21715 | Lair:4   | Noticed Snorg
 22264 | Lair:4   | Killed Snorg
 22366 | Lair:4   | Noticed Rupert
 22381 | Lair:4   | Killed Rupert
 22381 | Lair:4   | Reached XP level 12. HP: 110/110 MP: 8/16
 22437 | Lair:4   | Found a staircase to the Snake Pit.
 22594 | Lair:4   | Reached skill level 15 in Unarmed Combat
 22604 | Lair:4   | Reached skill level 10 in Dodging
 23732 | Lair:4   | Noticed a six-headed hydra
 23739 | Lair:4   | Killed a six-headed hydra
 23807 | Lair:4   | Noticed a death yak
 23812 | Lair:4   | Noticed a death yak
 23823 | Lair:4   | Noticed a death yak
 23824 | Lair:4   | Noticed a death yak
 23837 | Lair:4   | Killed a death yak
 23840 | Lair:4   | Killed a death yak
 23843 | Lair:4   | Killed a death yak
 23847 | Lair:4   | Killed a death yak
 24217 | Lair:5   | Reached XP level 13. HP: 64/119 MP: 17/17
 25969 | Lair:6   | Reached skill level 16 in Unarmed Combat
 26728 | Lair:7   | Reached skill level 1 in Transmutations
 28156 | Lair:8   | Entered Level 8 of the Lair of Beasts
 28206 | Lair:8   | Reached skill level 5 in Transmutations
 29163 | Lair:8   | Reached skill level 5 in Spellcasting
 29168 | Lair:8   | Gained mutation: Your large and strong wings let you fly indefinitely. [Black Draconian growth]
 29168 | Lair:8   | Reached XP level 14. HP: 74/129 MP: 21/21
 30820 | Lair:8   | Got a coiled sapphire amulet
 30827 | Lair:8   | Identified the amulet "Wamil" {Harm *Drain +Blink rC++ MR- Stlth+} (You found it on level 8 of the Lair of Beasts)
 31855 | Orc:1    | Entered Level 1 of the Orcish Mines
 31855 | Orc:1    | Found Qoedd's Magic Scroll Emporium.
 31974 | Orc:2    | Entered Level 2 of the Orcish Mines
 31974 | Orc:2    | Noticed Saint Roka
 31988 | Orc:2    | Killed Saint Roka
 32864 | Orc:2    | Found a staircase to the Elven Halls.
 32986 | Orc:2    | Noticed an orc warlord
 34024 | Orc:2    | Killed an orc warlord
 34024 | Orc:2    | Reached skill level 10 in Transmutations
 35331 | Orc:2    | Found Veyklien's General Store.
 35332 | Orc:2    | Found Iluo's Book Shoppe.
 35333 | Orc:2    | Found Kozoergh's Antique Armour Emporium.
 35333 | Orc:2    | Found Zen Ren's Antique Weapon Emporium.
 35462 | Orc:1    | Bought a scroll of acquirement for 832 gold pieces
 36258 | D:11     | Reached XP level 15. HP: 113/135 MP: 26/26
 37629 | D:13     | Noticed Josephine
 37810 | D:13     | Noticed Nessos
 38200 | D:13     | Found an ancient bone altar of Kikubaaqudgha.
 38697 | D:13     | Killed Josephine
 39181 | D:13     | Found Cuowubih's Weapon Shoppe.
 39228 | D:13     | Killed Nessos
 39737 | D:14     | Learned a level 5 spell: Blade Hands
 40066 | D:14     | Found a gate to the Vaults.
 40217 | D:14     | Reached skill level 1 in Shields
 40324 | D:14     | Found Doqa's Gadget Shop.
 40885 | D:15     | Entered Level 15 of the Dungeon
 41183 | D:15     | Reached skill level 5 in Shields
 42196 | D:15     | Noticed namelastname112's ghost (journeyman DrWz)
 42357 | D:15     | Killed namelastname112's ghost
 43131 | D:15     | Noticed a storm dragon
 43131 | D:15     | an alligator snapping turtle changed into a storm dragon
 43140 | D:15     | a storm dragon changed into a great orb of eyes
 43174 | D:15     | Found a staircase to the Depths.
 43875 | Swamp:1  | Entered Level 1 of the Swamp
 44251 | Swamp:1  | Noticed a thorn hunter
 44277 | Swamp:1  | Killed a thorn hunter
 44518 | Swamp:1  | Reached XP level 16. HP: 104/143 MP: 25/28
 45194 | Swamp:1  | Reached skill level 10 in Shields
 46465 | Swamp:2  | Gained mutation: You cannot be stealthy. [Ru sacrifice]
 47901 | Swamp:3  | Noticed a thorn hunter
 47910 | Swamp:3  | Killed a thorn hunter
 48820 | Swamp:3  | Noticed Uberwunderbarhen's ghost (adept FoFi)
 49395 | Swamp:3  | Killed Uberwunderbarhen's ghost
 50045 | Swamp:4  | Entered Level 4 of the Swamp
 50144 | Swamp:4  | Noticed barakagiga's ghost (adept HOFi)
 50371 | Swamp:4  | Noticed 4thArraOfDagon's ghost (journeyman DDFi)
 51864 | Snake:1  | Entered Level 1 of the Snake Pit
 52399 | Snake:1  | Noticed Frances
 52413 | Snake:1  | Killed Frances
 53395 | Snake:1  | You are sucked into a shaft!
 53407 | Snake:2  | Noticed namelastname112's ghost (adept DrWz)
 53434 | Snake:2  | Found a flickering gateway to a bazaar.
 53436 | Snake:2  | Found Qata's Distillery.
 53441 | Bazaar   | Entered a bazaar
 53486 | Bazaar   | Found Peniovan's Gadget Boutique.
 53492 | Bazaar   | Found Boeshrow's Armour Shop.
 53500 | Bazaar   | Bought the +2 hat of Qonouligh {Int+8} for 340 gold pieces
 53512 | Bazaar   | Found Ippubux's Antique Weapon Shop.
 53521 | Bazaar   | Found Rosoxe's General Store.
 53528 | Bazaar   | Bought a scroll of identify for 22 gold pieces
 53594 | Snake:2  | Found Qitu's Book Boutique.
 53600 | Snake:2  | Gained mutation: Your magical capacity is low (-10% MP). [Ru sacrifice]
 53600 | Snake:2  | Reached ****** piety under Ru
 53603 | Snake:2  | Found Kiumih's Jewellery Shoppe.
 53611 | Snake:2  | Bought the ring of the Equinox {Fragile MR++ Dex+4 Slay+2} for 723 gold pieces
 53995 | Snake:2  | Found Coffez's Assorted Antiques.
 54002 | Snake:2  | Bought a paperback book for 570 gold pieces
 54112 | Snake:1  | Noticed Aizul
 54118 | Snake:1  | Noticed Asterion
 54132 | Snake:1  | Killed Aizul
 54459 | Snake:1  | Killed Asterion
 54459 | Snake:1  | Reached XP level 17. HP: 140/149 MP: 21/26
 54838 | Snake:1  | Reached skill level 15 in Shields
 55477 | Snake:1  | Reached skill level 1 in Ice Magic
 56458 | Snake:2  | Killed namelastname112's ghost
 57235 | Snake:2  | Bought a potion of heal wounds for 90 gold pieces
 57235 | Snake:2  | Bought a potion of curing for 54 gold pieces
 57235 | Snake:2  | Bought a potion of curing for 54 gold pieces
 57235 | Snake:2  | Bought a potion of heal wounds for 90 gold pieces
 58294 | Snake:3  | Got a pair of spiked boots
 58307 | Snake:3  | Identified the +0 pair of boots "Acemaleb" {rPois rN+ Dex+4} (You acquired it on level 3 of the Snake Pit)
 59446 | Snake:4  | Entered Level 4 of the Snake Pit
 59446 | Snake:4  | Found Iluggawk's Armour Shop.
 60804 | Snake:4  | Reached skill level 5 in Ice Magic
 61298 | Snake:4  | Reached XP level 18. HP: 120/160 MP: 28/28
 61759 | Snake:4  | Found a shimmering altar of Xom.
 62040 | Snake:4  | Reached skill level 10 in Spellcasting
 63647 | Snake:4  | Learned a level 3 spell: Regeneration
 63737 | Snake:4  | Reached skill level 17 in Unarmed Combat
 64969 | Snake:4  | Got a serpentine rune of Zot
 65644 | Swamp:4  | Reached skill level 1 in Charms
 66411 | Swamp:4  | Killed barakagiga's ghost
 66836 | Swamp:4  | Killed 4thArraOfDagon's ghost
 67027 | Swamp:4  | Noticed the 27-headed Lernaean hydra
 67035 | Swamp:4  | Killed the 27-headed Lernaean hydra
 67369 | Swamp:4  | Reached skill level 15 in Fighting
 67436 | Swamp:4  | Reached XP level 19. HP: 165/170 MP: 30/30
 67769 | Swamp:4  | Got a decaying rune of Zot
 68367 | Vaults:1 | Entered Level 1 of the Vaults
 70632 | Vaults:2 | Found Holl's Magic Scroll Emporium.
 70640 | Vaults:2 | Bought a scroll of teleportation for 42 gold pieces
 70640 | Vaults:2 | Bought a scroll of teleportation for 42 gold pieces
 70640 | Vaults:2 | Bought a scroll of blinking for 105 gold pieces
 72396 | Vaults:3 | Found a staircase to the Crypt.
 73323 | Vaults:3 | Reached skill level 5 in Charms
 73993 | Vaults:3 | Reached XP level 20. HP: 101/180 MP: 32/32
 75946 | Vaults:4 | Reached skill level 18 in Unarmed Combat
 77237 | Vaults:4 | Reached skill level 10 in Ice Magic
 78113 | Elf:1    | Entered Level 1 of the Elven Halls
 78185 | Elf:1    | Found a radiant altar of Vehumet.
 78200 | Elf:1    | Found a portal to a secret trove of treasure.
 78632 | Elf:1    | Identified the Catalogue of Stolen Souls
 78801 | Elf:1    | Noticed Donald
 78816 | Elf:1    | Killed Donald
 79004 | Elf:1    | Identified the Catalogue of Axaxaxas mlö
 79062 | Elf:1    | Identified Ts'ui Pên's Papyrus of Forking Paths
 79154 | Elf:1    | Identified the Grimoire of Dhcmrlchtdj
 79222 | Elf:1    | Found a radiant altar of Vehumet.
 79670 | Elf:2    | Noticed namelastname112's ghost (adept DrWz)
 79841 | Elf:2    | Killed namelastname112's ghost
 80359 | Elf:2    | Found a huge runed gate.
 80359 | Elf:2    | Found a huge runed gate.
 80359 | Elf:2    | Found a huge runed gate.
 80359 | Elf:2    | Found a huge runed gate.
 80359 | Elf:2    | Found a huge runed gate.
 80480 | Elf:3    | Entered Level 3 of the Elven Halls
 80680 | Elf:3    | Found Pugav's Magic Scroll Boutique.
 80726 | Elf:3    | Found an ancient bone altar of Kikubaaqudgha.
 81252 | Elf:3    | Reached XP level 21. HP: 189/189 MP: 33/33
 82368 | Elf:3    | Gained mutation: Your muscles are strong. (Str +2) [a neqoxec]
 82371 | Elf:3    | Lost mutation: Your muscles are strong. (Str +2) [a neqoxec]
 82633 | Elf:3    | Got a vibrating granite ring
 82754 | Elf:3    | Identified the ring "Mippoog" {+Fly rPois MR+ Int-4 SInv} (You took it off a deep elf high priest on level 3 of the Elven Halls)
 83073 | D:14     | Noticed chonchonts's ghost (journeyman GrMo)
 83080 | D:14     | Killed chonchonts's ghost
 83153 | Depths:1 | Entered Level 1 of the Depths
 83153 | Depths:1 | Found a gateway to Hell.
 83662 | Depths:1 | Found a one-way gate to the infinite horrors of the Abyss.
 85282 | Depths:1 | Paralysed by a Zot trap for 2 turns
 85478 | Depths:2 | Noticed Mara
 85492 | Depths:2 | Noticed namelastname112's illusion
 85617 | Depths:2 | Killed Mara
 86200 | Depths:2 | Reached XP level 22. HP: 182/200 MP: 35/35
 86206 | Depths:2 | Noticed a caustic shrike
 86224 | Depths:2 | Killed a caustic shrike
 86422 | Depths:2 | Reached skill level 15 in Dodging
 87291 | Depths:2 | Reached skill level 19 in Unarmed Combat
 87666 | Depths:2 | Noticed Wiglaf
 87683 | Depths:2 | Killed Wiglaf
 88798 | Depths:3 | HP: 10/200 [tengu reaver/great sword (31)]
 88798 | Depths:3 | Slain by a tengu reaver

Vault maps used:
D:1:      minmay_arrival_four_houses
D:3:      gup_sewer_entry_bowl
D:4:      serial_shops, shop
D:5:      grunt_temple_overflow_opulence, minmay_temple_entry_overgrown,
          first_bread, serial_shops, nicolae_shop_waterfront
D:6:      uniq_pikel
D:8:      grunt_temple_overflow_open, grunt_pizzeria, kennysheep_generic_room_3,
          uniq_grum, uniq_psyche
D:9:      enter_bailey_2
D:10:     minmay_lair_entry_lava, david_orc_3
D:12:     minivault_27, einodemon_armed_red_devil_minivault
D:13:     serial_shops, kennysheep_mini_moat, basic_altar, uniq_josephine,
          uniq_nessos
D:14:     david_vaults_4, serial_shops, nicolae_shop_statue_plus,
          minmay_misc_feat_plants
D:15:     gammafunk_enter_depths_forms, hangedman_decor_lopped
Temple:   circular_temple_13
Lair:1:   serial_bayou_shore_b, infiniplex_staircase_pool, grunt_megastairs_1
Lair:2:   st_stairs_3, serial_bayou_lagoon_a
Lair:3:   swamp_mist_pool, beast_lair_carwin_6, uniq_fannar
Lair:4:   guppyfry_snake_entry_island, lemuel_fruit_tree, uniq_snorg,
          uniq_rupert
Lair:6:   lemuel_fruit_fields
Lair:8:   grunt_lair_end_beastmaster, minmay_slime_entry_oklob_enclosed
Swamp:1:  evilmike_swamp_ruin_house_5
Swamp:2:  infiniplex_staircase_pool_2
Swamp:3:  hangedman_swamp_diagram
Swamp:4:  swamp
Snake:1:  hangedman_snake_sidewinding, uniq_aizul, uniq_frances, uniq_asterion
Snake:2:  serial_shops, bzr_in_the_mist, shop, shop, nicolae_shop_trees, shop
Snake:3:  grunt_ministairs_14, spider_trap
Snake:4:  grunt_snake_rune_serpentine_throne, basic_altar, serial_shops, shop,
          statue_in_the_mist_lemuel
Orc:1:    minmay_goldmine, serial_shops, shop
Orc:2:    st_orc_congregation, uniq_saint_roka
Elf:1:    nicolae_trove_entry_free_sample, minmay_elf_necromancy,
          hangedman_feature_mirror, bh_hangedman_babel_library, uniq_donald
Elf:3:    minmay_elf_hall_x, basic_altar, serial_shops, nicolae_shop_waterfront,
          hangedman_elven_ridges
Vaults:1: hangedman_vaults_nodes, hangedman_vaults_cutoff,
          ontoclasm_vaults_loading_screen, v_misc_27,
          hangedman_vaults_variations, ontoclasm_vaults_claustrophobia,
          nicolae_vaults_little_ls, vaults_dpeg_ring,
          nicolae_vaults_little_squares_2
Vaults:2: v_rooms_1, v_misc_29, nicolae_vaults_diagonal_hallway_7,
          ontoclasm_vaults_twist, nicolae_vaults_big_ls,
          ontoclasm_vaults_loading_screen, ontoclasm_vaults_ring_square,
          nicolae_vaults_ring_of_whatevers, vaults_room_pools, v_rooms_3,
          v_pattern_4, v_misc_2, v_misc_8, serial_shops, shop
Vaults:3: grunt_vaults_focal, minmay_crypt_entry_simple_corners,
          vaults_standard_mumra_x, vaults_mumra_lcd,
          hangedman_vaults_stretched_pinwheel, nicolae_vaults_border_crossing,
          vaults_room_guarded_vault, hangedman_vaults_trim
Vaults:4: grunt_vaults_bifocal, ontoclasm_vaults_decontamination,
          ontoclasm_vaults_loading_screen, v_alt_pattern_4, v_misc_12,
          ontoclasm_vaults_chip, ontoclasm_vaults_spin,
          nicolae_vaults_three_branches, nicolae_vaults_circle_grid_a,
          nicolae_vaults_little_squares_3, v_misc_30, grunt_vaults_hallway_long,
          vaults_room_door_ring
Depths:1: minmay_misc_feat_tiny, minmay_room_of_horrors, hell_entry,
          kennysheep_generic_room_13
Depths:2: cross_vault, grunt_mini_vestibule, minmay_misc_feat_secret_circle,
          fake_guardian_serpent_vault, firewood_loft, uniq_mara, uniq_wiglaf
Depths:3: hangedman_crystal_crosses_colossus, hell_entry, pan_entry
Bazaar:   bazaar_kb_twisted_cavern
Sewer:    sewer_frog_island_02
Bailey:   bailey_polearm_2, bailey

Action                   |  1- 3 |  4- 6 |  7- 9 | 10-12 | 13-15 | 16-18 | 19-21 | 22-24 || total
-------------------------+-------+-------+-------+-------+-------+-------+-------+-------++-------
Melee: Unarmed           |    62 |   190 |   439 |   925 |  1960 |  2452 |  2900 |   394 ||  9322
 Fire: Blowgun           |       |       |     5 |    43 |       |       |       |       ||    48
 Cast: Magic Dart        |    97 |   218 |    84 |       |       |       |       |       ||   399
       Blade Hands       |       |       |       |       |    16 |    52 |       |       ||    68
       Regeneration      |       |       |       |       |       |     4 |       |       ||     4
Invok: Sacrifice Purity  |       |       |     1 |       |       |       |       |       ||     1
       Sacrifice Experie |       |       |     1 |       |       |       |       |       ||     1
       Draw Out Power    |       |       |       |     2 |     6 |     6 |    12 |     1 ||    27
       Sacrifice Artific |       |       |       |     1 |       |       |       |       ||     1
       Sacrifice Love    |       |       |       |     1 |       |       |       |       ||     1
       Apocalypse        |       |       |       |     2 |     4 |     7 |     1 |     1 ||    15
       Reject Sacrifices |       |       |       |     1 |     2 |       |       |       ||     3
       Power Leap        |       |       |       |     1 |       |       |     1 |       ||     2
       Sacrifice Essence |       |       |       |       |       |     1 |       |       ||     1
       Sacrifice Stealth |       |       |       |       |       |     1 |       |       ||     1
 Abil: Breathe Lightning |       |       |    16 |    17 |     6 |       |     1 |       ||    40
       Fly               |       |       |       |       |       |     1 |     1 |       ||     2
Evoke: Wand              |       |       |       |     7 |       |       |       |       ||     7
  Use: Potion            |       |     5 |     1 |     4 |     5 |     9 |     2 |     1 ||    27
       Scroll            |       |       |    11 |    12 |    11 |    12 |    15 |     2 ||    63
 Stab: Sleeping          |       |     1 |     3 |    11 |     8 |       |       |       ||    23
       Invisible         |       |       |       |     8 |    26 |    83 |    40 |     3 ||   160
       Paralysed         |       |       |       |    22 |    14 |    38 |    20 |     2 ||    96
       Distracted        |       |       |       |     1 |    17 |    18 |    20 |     2 ||    58
       Confused          |       |       |       |       |     1 |       |       |       ||     1
  Eat: Chunk             |     3 |    11 |    30 |    42 |    63 |    59 |    35 |     1 ||   244
       Royal jelly       |       |       |     1 |       |     1 |       |       |       ||     2
       Pizza             |       |       |       |       |     1 |       |       |       ||     1
       Meat ration       |       |       |       |       |       |     5 |     3 |     1 ||     9
       Bread ration      |       |       |       |       |       |       |     3 |       ||     3
